 Dungeon Crawl Stone Soup version 0.31-a0-1591-g515db51633 (webtiles) character file.

Game seed: 7162929625409834541

116 monsoonserge the Caller (level 5, 0/37 HPs)
             Began as a Barachi Summoner on Jan 7, 2024.
             Succumbed to Crazy Yiuf's poison
             ... on level 3 of the Dungeon.
             The game lasted 00:09:20 (2539 turns).

monsoonserge the Caller (Barachi Summoner)          Turns: 2539, Time: 00:09:21

Health: 0/37       AC:  5    Str:  7 (10) XL:     5   Next: 1%
Magic:  6/9        EV: 11    Int: 15 (17) God:
Gold:   109        SH:  0    Dex: 10 (12) Spells: 5/9 levels left

rFire   . . .        u - +0 dagger (venom)
rCold   + . .        (no shield)
rNeg    . . .        j - +0 leather armour
rPois   .            w - +0 helmet
rElec   .            (no cloak)
rCorr   .            (no gloves)
SInv    .            p - +0 pair of boots
Will    .....        (no amulet)
Stlth   +            d - ring of protection from cold
HPRegen 0.26/turn    (no ring)
MPRegen 0.11/turn

%: no passive effects
@: brilliant, lethally poisoned (0 -> -2), on berserk cooldown, slowed, inugami
summoned, very slow
A: amphibious, slowness 1, strong legs 1, +LOS
a: Hop


You were on level 3 of the Dungeon.
You visited 1 branch of the dungeon, and saw 3 of its levels.

You collected 109 gold pieces.

Inventory:

Hand Weapons
 u - a +0 dagger of venom (weapon)
Missiles
 q - 4 boomerangs
 t - 2 poisoned darts
Armour
 g - +0 fire dragon scales
 j - a +0 leather armour (worn)
 p - a +0 pair of boots (worn)
 w - a +0 helmet (worn)
Jewellery
 d - a ring of protection from cold (left hand)
 h - a ring of ice
 x - an amulet of reflection
Scrolls
 c - a scroll of amnesia {unknown}
 f - a scroll of identify {unknown}
 i - a scroll of teleportation {unknown}
 k - 2 scrolls of immolation {unknown}
 l - a scroll of blinking {unknown}
 m - a scroll of poison {unknown}
 n - a scroll of enchant weapon {unknown}
 r - a scroll of revelation {unknown}
 s - a scroll of summoning {unknown}
 v - a scroll of acquirement {unknown}
Potions
 a - a potion of degeneration
 b - a potion of magic


   Skills:
 + Level 1.1 Fighting
 + Level 1.2 Short Blades
 * Level 2.4 Armour
 + Level 2.4 Dodging
 - Level 2.0 Stealth
 + Level 2.9 Spellcasting
 + Level 5.7 Summonings


You had 5 spell levels left.
You knew the following spells:

 Your Spells              Type           Power      Damage    Failure   Level
a - Summon Small Mammal   Summ           100%       N/A       2%          1
b - Call Canine Familiar  Summ           29%        N/A       9%          3

Your spell library contained the following spells:

 Spells                   Type           Power      Damage    Failure   Level
 Call Imp                 Summ           58%        N/A       4%          2
 Necrotise                Necr           12%        1d4       30%         1
 Vampiric Draining        Necr           3%         2d6       65%         3
 Martyr's Knell           Necr/Summ      16%        N/A       65%         4
 Summon Blazeheart Golem  Fire/Summ      16%        N/A       65%         4
 Summon Lightning Spire   Summ/Air       16%        N/A       65%         4
 Curse of Agony           Necr           3%         N/A       100%        5


Dungeon Overview and Level Annotations

Branches:
Dungeon (3/15)

Altars:


Innate Abilities, Weirdness & Mutations

You are amphibious.
You cover ground slowly.
You can hop short distances.
You have an extended range of vision and can be seen from far away.


Message History

Your inugami has been summoned.
Your movement speed is slow.
Your attack delay is about 0.9.
Your damage rating with your +0 dagger of venom is about 4 (Base 4 x 105% (Dex) x 102% (Skill)).
Unknown command.
It was a potion of degeneration.
There was something very wrong with that liquid.
You feel weakened.
You feel dopey.
You feel clumsy.
* * * LOW HITPOINT WARNING * * *
You feel sick.
Your inugami hits Crazy Yiuf. Crazy Yiuf closely misses you.
It was a potion of brilliance.
You feel clever all of a sudden.
* * * LOW HITPOINT WARNING * * *
You feel sick.
You kill Crazy Yiuf!
You feel your intelligence returning.
Your life force feels restored.
Your Short Blades skill increases to level 1!
You have reached level 5!
You are brilliant.
You are lethally poisoned (2 -> -1).
Your inugami has been summoned.
Your movement speed is slow.
Your attack delay is about 0.9.
Your damage rating with your +0 dagger of venom is about 4 (Base 4 x 100% (Dex) x 104% (Skill)).
Your base attributes are Str 10, Int 17, Dex 12.
It was a potion of berserk rage.
A red film seems to cover your vision as you go berserk!
You feel yourself moving faster!
You feel mighty!
* * * LOW HITPOINT WARNING * * *
You feel sick.
You are brilliant.
You are possessed by a berserker rage.
You are lethally poisoned (2 -> 0).
Your inugami has been summoned.
Your movement speed is very quick.
Your attack delay is about 0.5.
Your damage rating with your +0 dagger of venom is about 4 (Base 4 x 100% (Dex) x 104% (Skill)).
Your base attributes are Str 10, Int 17, Dex 12.
You feel a strong urge to attack something.
* * * LOW HITPOINT WARNING * * *
You feel sick.
Unknown command.
You feel your anger nearly subside.
You are no longer berserk.
You are exhausted.
You feel yourself slow down.
You die...

..# ###. #J# #.#
#.. #.# #.# #.#
#.# #.###.#
......#
#####.##♣♣♣♣♣
#..+.P.♣.♣♣♣#####
#.......♣..♣#...#
#....PP♣♣♣♣.'@h.#
##.+.P♣♣ ♣♣#..)#
####♣♣ #####


You could see a friendly inugami (summoned).

Vanquished Creatures
  Crazy Yiuf (D:3)
  Robin (D:2)
  2 ball pythons
  2 bats (D:2)
  An endoplasm (D:2)
  A giant cockroach (D:2)
  4 goblins
  5 hobgoblins
  A quokka (D:2)
  2 frilled lizards
  3 kobolds
  3 rats (D:2)
26 creatures vanquished.

Vanquished Creatures (collateral kills)
  2 adders (D:2)
  2 endoplasms
  A giant cockroach (D:1)
  4 goblins
  6 hobgoblins
  A ball python (D:1)
  A bat (D:1)
  8 kobolds
  5 rats
30 creatures vanquished.

Grand Total: 56 creatures vanquished

Notes
Turn   | Place    | Note
-------+----------+-------------------------------------------
     0 | D:1      | monsoonserge the Barachi Summoner began the quest for the
                  | Orb.
     0 | D:1      | Reached XP level 1. HP: 13/13 MP: 3/3
    59 | D:1      | Reached skill level 5 in Summonings
   484 | D:1      | Reached XP level 2. HP: 19/19 MP: 1/5
  1053 | D:2      | Found a faded altar of an unknown god.
  1190 | D:2      | Reached skill level 1 in Armour
  1190 | D:2      | Reached XP level 3. HP: 11/24 MP: 2/6
  1205 | D:2      | Learned a level 3 spell: Call Canine Familiar
  1529 | D:2      | Reached XP level 4. HP: 31/31 MP: 8/8
  2188 | D:3      | Noticed Robin
  2241 | D:2      | Reached skill level 1 in Fighting
  2363 | D:2      | Killed Robin
  2522 | D:3      | Found a runed translucent door.
  2523 | D:3      | Noticed Crazy Yiuf
  2535 | D:3      | HP: 1/30 [poisoned by Crazy Yiuf]
  2535 | D:3      | Killed Crazy Yiuf
  2536 | D:3      | Reached skill level 1 in Short Blades
  2536 | D:3      | Reached XP level 5. HP: 2/37 MP: 5/9
  2539 | D:3      | Succumbed to Crazy Yiuf's poison

Illustrated notes

Levels and vault maps discovered:
D:1:      nzn_arrival_depleted_hourglass, layout_basic,
          wad_floor_pattern_untrapped, serial_bayou_pond_b,
          amcnicky_mini_pool_small, chequers_decorated_corner
D:2:      layout_basic, hellmonk_ecumenical_altar_run_dry, solitary_fountain,
          lexackson_kobold_supper
D:3:      layout_loops_ring, lemuel_tele_altar, kennysheep_potato, uniq_robin,
          uniq_crazy_yiuf_cottage

Skill      XL: |  1  2  3  4 |
---------------+-------------+-----
Summonings     | 5 |  5.7
Armour         | 1 2 |  2.4
Fighting       | 1 |  1.1
Stealth        | 2 |  2.0
Short Blades   | 1 |  1.2
Dodging        | |  2.4
Spellcasting   | |  2.9

Action                     |  1- 3 |  4- 6 || total
---------------------------+-------+-------++-------
  Melee: Unarmed           |    15 |       ||    15
         Short sword       |    56 |    10 ||    66
         Dagger            |     2 |    91 ||    93
         Punch             |       |     2 ||     2
   Cast: Summon Small Mamm |    32 |     1 ||    33
         Call Canine Famil |     1 |     2 ||     3
    Use: Potion            |       |     3 ||     3
   Stab: Sleeping          |     2 |     1 ||     3
 Armour: Robe              |     3 |       ||     3
         Leather armour    |    44 |    42 ||    86
  Dodge: Dodged            |    53 |    39 ||    92

Table legend: (Time is in decaauts)
 A = Elapsed time spent in this place.
 B = Non-inter-level travel time spent in this place.
 C = Inter-level travel time spent in this place.
 D = Time resting spent in this place.
 E = Time spent auto-exploring this place.
 F = Levels seen in this place.
 G = Mean time per level.
                   A        B        C        D        E       F      G
               +--------+--------+--------+--------+--------+-----+--------+
         Total |   2916 |   2718 |    198 |     69 |   1503 |   3 |  972.0 |
       Dungeon |   2916 |   2718 |    198 |     69 |   1503 |   3 |  972.0 |
               +--------+--------+--------+--------+--------+-----+--------+

Top non-repeatable levels by time:
     D:2: 1491 daAuts
     D:1: 1136 daAuts
     D:3: 288 daAuts
